 Dungeon Crawl Stone Soup version 0.23-a0-143-g1adec7bb76 (webtiles) character file.

644 PikkenKukken the Ruffian (level 7, -6/70 HPs)
             Began as a Troll Monk on Sept 2, 2018.
             Was a Priest of Ashenzari.
             Mangled by a gnoll
             ... wielding a +0 halberd
              (15 damage)
             ... on level 4 of the Dungeon.
             The game lasted 00:07:58 (2851 turns).

PikkenKukken the Ruffian (Troll Monk)               Turns: 2851, Time: 00:07:58

Health: -6/70      AC:  5    Str: 20    XL:     7   Next: 27%
Magic:  6/6        EV: 12    Int:  6    God:    Ashenzari [***...]
Gold:   155        SH:  0    Dex: 14    Spells: 6/6 levels left

rFire    . . .     SeeInvis +     - Unarmed
rCold    . . .     Gourm    +   (no shield)
rNeg     . . .     Faith    .   a - +0 robe (curse)
rPois    .         Spirit   .   (helmet restricted)
rElec    .         Reflect  .   (no cloak)
rCorr    .         Harm     .   (gloves unavailable)
MR       .....                  (boots unavailable)
Stlth    ++........             (no amulet)
HPRegen  0.61/turn              (no ring)
MPRegen  0.10/turn              (no ring)

@: no status effects
A: large, unfitting armour, claws 3, fast metabolism 3, gourmand, regeneration
1, shaggy fur 1, tough skin 2
a: Curse Item, Scrying, Renounce Religion


You were on level 4 of the Dungeon.
You worshipped Ashenzari.
Ashenzari was most pleased with you.
You were completely stuffed.

You visited 1 branch of the dungeon, and saw 4 of its levels.

You collected 155 gold pieces.

Inventory:

Missiles
 g - 4 large rocks (quivered)
 h - 9 javelins
Armour
 a - a cursed +0 robe (worn)
Scrolls
 c - 3 scrolls of teleportation
 k - a scroll of amnesia
Potions
 d - a potion of flight
 e - a potion of resistance
 f - a potion of brilliance
 i - a potion of ambrosia {unknown}
 j - a potion of curing
Comestibles
 b - 8 rations
 l - 4 chunks of flesh


   Skills:
 + Level 4.2 Fighting
 + Level 2.6 Throwing
 + Level 4.2 Dodging
 - Level 1.0 Stealth
 + Level 5.1 Unarmed Combat


You had 6 spell levels left.
You didn't know any spells.
Your spell library was empty.

Dungeon Overview and Level Annotations

Branches:
Dungeon (4/15)             Temple (0/1) D:4

Altars:
Ashenzari
Gozag
Kikubaaqudgha
Qazlal
Sif Muna
Trog
Wu Jian
Xom


Innate Abilities, Weirdness & Mutations

You are too large for most types of armour.
You have claws for hands.
Your metabolism is lightning-fast.
You like to eat raw meat.
Your natural rate of healing is unusually fast.
You are covered in fur. (AC +1)
You have very tough skin. (AC +2)


Message History

You scratch the gnoll but do no damage.
The gnoll is severely wounded.
The gnoll hits you with a club!
You scratch the gnoll.
You kill the gnoll!
The gnoll closely misses you.
The gnoll hits you from afar with a halberd.
The gnoll barely misses you. The gnoll misses you.
Things that are here:
an uncursed club; a cursed whip; a gnoll corpse You barely miss the gnoll.
The gnoll hits you with a halberd. The gnoll hits you with a halberd!
* * * LOW HITPOINT WARNING * * *
You claw the gnoll!
The gnoll is severely wounded.
The gnoll completely misses you.
You scratch the gnoll.
You kill the gnoll!
The gnoll hits you with a halberd!
You die...

,,, ##.........# * *
###...._......
#..........#..
#......[...###
##..........# #
####...........#
####....#.........#
##...g###..........# *
#....@)[...........#
#...########.........#
# ** #........>#
#..>......#
##.......## ##..[..##
#######


You could see a gnoll.

Vanquished Creatures
  Grinder (D:3)
  A scorpion (D:4)
  A centaur skeleton (D:4)
  An orc priest (D:3)
  Jessica (D:2)
  Terence (D:3)
  4 worker ants (D:4)
  6 gnolls (D:4)
  4 adders
  3 worms (D:2)
  A dart slug (D:1)
  5 leopard geckos
  4 orcs
  3 bats
  4 giant cockroaches
  7 goblins
  2 hobgoblins
  15 jackals
  2 quokkas
  6 frilled lizards
  8 kobolds
  A leopard gecko skeleton (D:4)
  6 rats
87 creatures vanquished.

Notes
Turn   | Place    | Note
-------+----------+-------------------------------------------
     0 | D:1      | PikkenKukken the Troll Monk began the quest for the Orb.
     0 | D:1      | Reached XP level 1. HP: 22/22 MP: 0/0
    82 | D:1      | Found a shattered altar of Ashenzari.
    90 | D:1      | Became a worshipper of Ashenzari the Shackled
    90 | D:1      | Reached * piety under Ashenzari
    90 | D:1      | Reached ** piety under Ashenzari
   204 | D:1      | Reached XP level 2. HP: 29/29 MP: 1/1
   390 | D:1      | Reached XP level 3. HP: 36/36 MP: 2/2
   867 | D:2      | Noticed Jessica
   873 | D:2      | Killed Jessica
   873 | D:2      | Reached XP level 4. HP: 40/45 MP: 3/3
  1308 | D:2      | Reached skill level 4 in Unarmed Combat
  1386 | D:2      | Found an ornate altar of the Wu Jian Council.
  1466 | D:2      | Found a hide-covered altar of Uskayaw.
  1468 | D:2      | Found an ornate altar of the Wu Jian Council.
  1468 | D:2      | Found a shimmering altar of Xom.
  1470 | D:2      | Found a deep blue altar of Sif Muna.
  1470 | D:2      | Found an opulent altar of Gozag.
  1470 | D:2      | Found a stormy altar of Qazlal.
  1677 | D:3      | Reached XP level 5. HP: 37/53 MP: 4/4
  1736 | D:3      | Found a bloodstained altar of Trog.
  1886 | D:3      | Noticed Terence
  1901 | D:3      | Killed Terence
  1901 | D:3      | Reached skill level 1 in Throwing
  2323 | D:3      | Noticed Grinder
  2335 | D:3      | Killed Grinder
  2335 | D:3      | Reached XP level 6. HP: 49/62 MP: 5/5
  2574 | D:4      | Reached XP level 7. HP: 70/70 MP: 6/6
  2705 | D:4      | Reached skill level 5 in Unarmed Combat
  2724 | D:4      | Found a staircase to the Ecumenical Temple.
  2781 | D:4      | Reached *** piety under Ashenzari
  2807 | D:4      | Found an ancient bone altar of Kikubaaqudgha.
  2851 | D:4      | Mangled by a gnoll

Vault maps used:
D:1:      roderic_crossed_star, serial_curves, eino_curves_03, eino_curves_02,
          evilmike_ruin_ashenzari
D:2:      nicolae_overflow_crystal_walls, doesnt_xom_only_xom,
          minmay_hexomino_f4, uniq_jessica
D:3:      first_ration, bloody_trog, uniq_terence, uniq_grinder
D:4:      overflow_temple_1_default, temple_hall, trog_three_pillars_becter

Skill      XL: |  1  2  3  4  5  6  7 |
---------------+----------------------+-----
Fighting       | 3 4 |  4.2
Dodging        | 3 4 |  4.2
Unarmed Combat | 4 5 |  5.1
Throwing       | 2 |  2.6
Stealth        | |  1.0

Action                   |  1- 3 |  4- 6 |  7- 9 || total
-------------------------+-------+-------+-------++-------
Melee: Unarmed           |    96 |    78 |    33 ||   207
       Punch             |     1 |     1 |     1 ||     3
Throw: Large rock        |       |    28 |     6 ||    34
       Javelin           |       |       |     3 ||     3
Invok: Curse Item        |       |     1 |       ||     1
  Use: Scroll            |     2 |     9 |       ||    11
 Stab: Sleeping          |     3 |     1 |       ||     4
  Eat: Chunk             |    13 |    15 |     4 ||    32
Armor: Robe              |    33 |    21 |     2 ||    56
Dodge: Dodged            |    52 |    22 |    17 ||    91

Table legend:
 A = Non-vault XP
 B = Vault XP
 C = Vault XP percentage of total XP
 D = Non-vault monster count
 E = Vault monster count
 F = Vault count percentage of total count
                 A         B        C        D         E       F
            +---------+---------+-------+---------+---------+-------
      Total |     556 |     365 |  39.6 |      81 |       6 |   6.9
            +---------+---------+-------+---------+---------+-------
        D:1 |      53 |       0 |   0.0 |      27 |       0 |   0.0
        D:2 |      67 |      57 |  46.0 |      21 |       4 |  16.0
        D:3 |      67 |     308 |  82.1 |      13 |       2 |  13.3
        D:4 |     369 |       0 |   0.0 |      20 |       0 |   0.0
            +---------+---------+-------+---------+---------+-------
